 Dungeon Crawl Stone Soup version 0.26.1-12-g5ba1501909 (webtiles) character file.

Game seed: 16897015103817720064

330 Zeld the Chucker (level 6, -10/61 HPs)
             Began as a Troll Hunter on Oct 28, 2021.
             Mangled by an ogre
             ... wielding a +0 giant spiked club
              (26 damage)
             ... on level 4 of the Dungeon.
             The game lasted 00:04:37 (4051 turns).

Zeld the Chucker (Troll Hunter)                     Turns: 4051, Time: 00:04:38

Health: -10/61     AC:  6    Str: 23    XL:     6   Next: 26%
Magic:  5/5        EV: 10    Int:  7    God:
Gold:   236        SH:  0    Dex: 10    Spells: 5/5 levels left

rFire    . . .     SeeInvis .   a - +0 club
rCold    . . .     Faith    .   (no shield)
rNeg     . . .     Spirit   .   b - +0 robe
rPois    .         Reflect  .   (helmet restricted)
rElec    .         Harm     .   (no cloak)
rCorr    .         Rampage  .   (gloves unavailable)
Will     .....                  (boots unavailable)
Stlth    +.........             (no amulet)
HPRegen  0.60/turn              (no ring)
MPRegen  0.09/turn              (no ring)

@: no status effects
A: large, unfitting armour, claws 3, regeneration 1, shaggy fur 1, tough skin 3
a: no special abilities


You were on level 4 of the Dungeon.
You visited 1 branch of the dungeon, and saw 4 of its levels.

You collected 236 gold pieces.

Inventory:

Hand Weapons
 a - a +0 club (weapon)
Missiles
 c - 5 large rocks (quivered)
 d - 3 throwing nets
 l - 5 boomerangs
Armour
 b - a +0 robe (worn)
Jewellery
 i - an uncursed ring of wizardry {unknown}
Wands
 t - a wand of iceblast (7)
Scrolls
 e - 3 scrolls of magic mapping {unknown}
 f - 2 scrolls of immolation {unknown}
 h - 2 scrolls of identify {unknown}
 n - a scroll of fog {unknown}
 o - a scroll of amnesia {unknown}
 p - 2 scrolls of remove curse {unknown}
 q - a scroll of enchant weapon {unknown}
 r - 3 scrolls of teleportation {unknown}
Potions
 g - a potion of curing {unknown}
 j - 2 potions of berserk rage {unknown}
 k - 2 potions of haste {unknown}
 m - 2 potions of attraction {unknown}
 s - a potion of degeneration {unknown}
 u - a potion of invisibility {unknown}
 v - a potion of might {unknown}


   Skills:
 * Level 3.0 Fighting
 * Level 2.7 Maces & Flails
 * Level 4.6 Throwing
 + Level 2.3 Dodging
 + Level 1.2 Stealth


You had 5 spell levels left.
You didn't know any spells.
Your spell library contained the following spells:

 Spells                   Type           Power        Failure   Level
 Confusing Touch          Hex            0%           80%         3
 Gell's Gravitas          Tloc           0%           80%         3
 Petrify                  Tmut/Erth      0%           99%         4
 Metabolic Englaciation   Hex/Ice        0%           100%        5
 Yara's Violent Unravell  Hex/Tmut       0%           100%        5


Dungeon Overview and Level Annotations

Branches:
Dungeon (4/15)
 Temple: D:4-7

Altars:


Innate Abilities, Weirdness & Mutations

You are too large for most types of armour.
You have claws for hands.
Your natural rate of healing is unusually fast.
You are covered in fur. (AC +1)
You have extremely tough skin. (AC +3)


Message History

The ogre hits you with a +0 giant spiked club.
You hit the ogre.
The ogre is heavily wounded.
The ogre misses you.
You hit the ogre.
The ogre is heavily wounded.
The ogre hits you with a +0 giant spiked club!
The ogre hits you with a +0 giant club!
* * * LOW HITPOINT WARNING * * *
You are too injured to fight recklessly!
You hit the ogre.
The ogre is severely wounded.
The ogre barely misses you. The ogre hits you with a +0 giant club.
* * * LOW HITPOINT WARNING * * *
You are too injured to fight recklessly!
You are too injured to fight recklessly!
You hit the ogre.
The ogre is almost dead.
The ogre hits you with a +0 giant spiked club!!
You die...

.......................#
#.................#
#.................#
#.................#
#.................#
#.................#
##o####...###.....#
#O#....#.###...†.+
#@#.##.#...#.....# #O#
#####.###.... ... #.#
#...# ..... #.###....
....... #.#......
...###### #....##)# .##.
###..##.# .. #. #..##.#
#.....#


You could see 2 ogres and an orc.

Vanquished Creatures
  A howler monkey (D:3)
  An orc wizard (D:3)
  An iguana (D:4)
  11 adders
  3 river rats
  A worm (D:3)
  3 dart slugs
  3 leopard geckos
  10 orcs
  4 giant cockroaches
  10 goblins
  5 hobgoblins
  15 jackals
  A quokka (D:3)
  5 bats
  6 frilled lizards
  3 kobolds
  10 rats
93 creatures vanquished.

Notes
Turn   | Place    | Note
-------+----------+-------------------------------------------
     0 | D:1      | Zeld the Troll Hunter began the quest for the Orb.
     0 | D:1      | Reached XP level 1. HP: 19/19 MP: 0/0
   201 | D:1      | Reached XP level 2. HP: 15/28 MP: 1/1
   290 | D:1      | Reached skill level 1 in Maces & Flails
   369 | D:1      | Reached XP level 3. HP: 35/35 MP: 2/2
   889 | D:2      | Reached skill level 4 in Throwing
  1143 | D:2      | Reached XP level 4. HP: 37/42 MP: 3/3
  1911 | D:3      | Reached skill level 1 in Stealth
  1911 | D:3      | Reached XP level 5. HP: 12/50 MP: 4/4
  3100 | D:4      | Noticed an ogre
  3560 | D:3      | Reached XP level 6. HP: 39/59 MP: 5/5
  4051 | D:4      | Mangled by an ogre

Illustrated notes

Levels and vault maps discovered:
D:1:      psy_arrival_radial01, layout_rooms, minivault_23,
          corexii_item_surrounded_by_moat, wander_ebering_terrifying_dragon_lair
D:2:      layout_basic
D:3:      layout_loops_ring, lightli_sewer_entry_pipes, minmay_misc_feat_pillars
D:4:      layout_basic

Skill      XL: |  1  2  3  4  5  6 |
---------------+-------------------+-----
Fighting       | 2 3 |  3.0
Maces & Flails | 1 2 |  2.7
Throwing       | 4 |  4.6
Dodging        | 2 |  2.3
Stealth        | 1 |  1.2

Action                   |  1- 3 |  4- 6 || total
-------------------------+-------+-------++-------
Melee: Unarmed           |    94 |       ||    94
       Club              |    90 |   434 ||   524
Throw: Large rock        |       |     1 ||     1
 Stab: Sleeping          |       |     3 ||     3
Armor: Robe              |    69 |   189 ||   258
Dodge: Dodged            |    94 |   322 ||   416
